TOP OF THE 1ST |
---|
Casper Ghosts batting - Pitching for Bismarck Barons : RHP Elias Bednell | Pitching: RHP Elias Bednell | | Batting: RHB Peter Bryant | 0-0: Called Strike 0-1: Reached on error, E6 (Groundball, 6) | Batting: LHB Ramón Córdova | 0-0: Ball 1-0: Called Strike 1-1: Ball 2-1: Foul Ball, location: 2F 2-2: Ball 3-2: SINGLE (Groundball, 34D) Peter Bryant to second Runner from 2nd tries for 3rd, SAFE, no throw | Batting: RHB Paul Richard | 0-0: Ball 1-0: Ground out 6-3 (Groundball, 6MS) Peter Bryant scores Ramón Córdova to second | Batting: LHB Luis Rodríguez | 0-0: Foul Ball, location: 2F 0-1: Called Strike 0-2: Ball 1-2: SINGLE (Flyball, 9S) Ramón Córdova to third Runner from 3rd tries for Home, SAFE, no throw | Batting: RHB Robert Acosta | 0-0: Ball 1-0: Ground out 5-3 (Groundball, 56S) Luis Rodríguez to second | Batting: RHB Miguel Toro | 0-0: Called Strike 0-1: SINGLE (Groundball, 6S) (infield hit) Luis Rodríguez to third | Batting: SHB José González | 0-0: Called Strike Throwing error on steal attempt, E2 Luis Rodríguez scores Miguel Toro to third 0-1: Called Strike 0-2: Ball 1-2: Ground out 5-3 (Groundball, 5L) | Top of the 1st over - 3 runs, 3 hits, 2 errors, 1 left on base; Casper 3 - Bismarck 0 | BOTTOM OF THE 1ST |
---|
Bismarck Barons batting - Pitching for Casper Ghosts : RHP Nicholas Becker | Pitching: RHP Nicholas Becker | | Batting: RHB Rubén Palma | 0-0: Fly out, F9 (Line Drive, 9) | Batting: RHB Fernando Castellanos | 0-0: Called Strike 0-1: Ball 1-1: SINGLE (Groundball, 6MD) | Batting: RHB Pedro García | 0-0: Foul Ball, location: 2F 0-1: Ball 1-1: Foul Ball, location: 2F 1-2: SINGLE (Groundball, 13) (infield hit) Fernando Castellanos to second | Batting: LHB Jorge Fernández | 0-0: Ball 1-0: Called Strike 1-1: Swinging Strike 1-2: Ball 2-2: Foul Ball, location: 2F 2-2: Strikes out looking | Batting: LHB Corey MacGregor | 0-0: Ball 1-0: Fly out, F5 (Popup, 5SF) | Bottom of the 1st over - 0 runs, 2 hits, 0 errors, 2 left on base; Casper 3 - Bismarck 0 | TOP OF THE 2ND |
---|
Casper Ghosts batting - Pitching for Bismarck Barons : RHP Elias Bednell | Batting: LHB Ronald Gordon | 0-0: Foul Ball, location: 2F 0-1: SOLO HOME RUN (Flyball, 9LD), Distance : 337 ft | Batting: RHB Hunter Plunket | 0-0: SINGLE (Groundball, 6D) | Batting: RHB Peter Bryant | 0-0: Called Strike 0-1: Ball 1-1: Ball 2-1: Ball 3-1: Foul Ball, location: 2F 3-2: Foul Ball, location: 2F 3-2: Base on Balls Hunter Plunket to second | Batting: LHB Ramón Córdova | 0-0: Called Strike 0-1: Ball 1-1: Ball 2-1: Ball 3-1: Foul Ball, location: 2F 3-2: Base on Balls Hunter Plunket to third Peter Bryant to second | Batting: RHB Paul Richard | 0-0: SINGLE (Groundball, 56D) Hunter Plunket scores Peter Bryant to third Ramón Córdova to second Runner from 3rd tries for Home, SAFE, no throw | Batting: LHB Luis Rodríguez | 0-0: Ball 1-0: Foul Ball, location: 2F 1-1: Fielders Choice at 2nd, 6-4 (Groundball, 6M) Ramón Córdova to third | Batting: RHB Robert Acosta | 0-0: SINGLE (Groundball, 6MD) Ramón Córdova scores Luis Rodríguez to second | Batting: RHB Miguel Toro | 0-0: Ball 1-0: Foul Ball, location: 2F 1-1: Fly out, F5 (Popup, 5SF) | Batting: SHB José González | 0-0: Called Strike 0-1: Foul Ball, location: 2F 0-2: Foul Ball, location: 2F 0-2: Ball 1-2: Ball 2-2: Foul Ball, location: 2F 2-2: Fly out, F6 (Popup, P) | Top of the 2nd over - 4 runs, 4 hits, 0 errors, 2 left on base; Casper 7 - Bismarck 0 | BOTTOM OF THE 2ND |
---|
Bismarck Barons batting - Pitching for Casper Ghosts : RHP Nicholas Becker | Batting: RHB Félix Trevino | 0-0: Ball 1-0: Ground out 4-3 (Groundball, 4) | Batting: LHB Orlando Hernández | 0-0: Foul Ball, location: 2F 0-1: Ball 1-1: Called Strike 1-2: Foul Ball, location: 2F 1-2: Foul Ball, location: 2F 1-2: Foul Ball, location: 2F 1-2: Ball 2-2: Foul Ball, location: 2F 2-2: Ground out U3 (Groundball, 3) | Batting: RHB Xie-li Fong | 0-0: Ball 1-0: Swinging Strike 1-1: Foul Ball, location: 2F 1-2: Foul Ball, location: 2F 1-2: Strikes out swinging | Bottom of the 2nd over - 0 runs, 0 hits, 0 errors, 0 left on base; Casper 7 - Bismarck 0 | TOP OF THE 3RD |
---|
Casper Ghosts batting - Pitching for Bismarck Barons : RHP Elias Bednell | Batting: LHB Ronald Gordon | 0-0: SINGLE (Groundball, 5D) | Batting: RHB Hunter Plunket | 0-0: Ball 1-0: Ball 2-0: 2-RUN HOME RUN (Flyball, 78XD), Distance : 387 ft | Pitching: RHP Armando Martínez | | Batting: RHB Peter Bryant | 0-0: Ground out 6-3 (Groundball, 6) | Batting: LHB Ramón Córdova | 0-0: Ball 1-0: Ball 2-0: Ball 3-0: Called Strike 3-1: Base on Balls | Batting: RHB Paul Richard | 0-0: Ball 1-0: Called Strike 1-1: Ball 2-1: Ball 3-1: Base on Balls Ramón Córdova to second | Batting: LHB Luis Rodríguez | 0-0: Ball 1-0: Called Strike 1-1: Ball 2-1: Ball 3-1: Foul Ball, location: 2F 3-2: Base on Balls Ramón Córdova to third Paul Richard to second | Batting: RHB Robert Acosta | 0-0: Ball 1-0: Ball 2-0: Foul Ball, location: 2F 2-1: Foul Ball, location: 2F 2-2: Foul Ball, location: 2F 2-2: Foul Ball, location: 2F 2-2: Ball 3-2: Foul Ball, location: 2F 3-2: Strikes out looking | Batting: RHB Miguel Toro | 0-0: Ball 1-0: Foul Ball, location: 2F 1-1: Ball 2-1: Fly out, F9 (Flyball, 9S) | Top of the 3rd over - 2 runs, 2 hits, 0 errors, 3 left on base; Casper 9 - Bismarck 0 | BOTTOM OF THE 3RD |
---|
Bismarck Barons batting - Pitching for Casper Ghosts : RHP Nicholas Becker | Batting: RHB José Ruíz | 0-0: Swinging Strike 0-1: Swinging Strike 0-2: Strikes out swinging | Batting: RHB Rubén Palma | 0-0: Called Strike 0-1: Called Strike 0-2: Ball 1-2: Strikes out looking | Batting: RHB Fernando Castellanos | 0-0: Foul Ball, location: 2F 0-1: Called Strike 0-2: Strikes out swinging | Bottom of the 3rd over - 0 runs, 0 hits, 0 errors, 0 left on base; Casper 9 - Bismarck 0 | TOP OF THE 4TH |
---|
Casper Ghosts batting - Pitching for Bismarck Barons : RHP Armando Martínez | Batting: SHB José González | 0-0: Ball 1-0: Ball 2-0: Ball 3-0: Called Strike 3-1: SINGLE (Line Drive, 89S) | Batting: LHB Ronald Gordon | 0-0: Ball 1-0: Called Strike 1-1: Grounds into double play, 5-4-3 (Groundball, 5D) | Batting: RHB Hunter Plunket | 0-0: Ball 1-0: Ball 2-0: Foul Ball, location: 2F 2-1: Foul Ball, location: 2F 2-2: Ball 3-2: DOUBLE (Flyball, 8RXD) | Batting: RHB Peter Bryant | 0-0: Ball 1-0: Ball 2-0: Ball 3-0: Base on Balls | Batting: LHB Ramón Córdova | 0-0: Called Strike 0-1: Called Strike 0-2: Ball 1-2: Fly out, F8 (Flyball, 8LM) | Top of the 4th over - 0 runs, 2 hits, 0 errors, 2 left on base; Casper 9 - Bismarck 0 | BOTTOM OF THE 4TH |
---|
Bismarck Barons batting - Pitching for Casper Ghosts : RHP Nicholas Becker | Batting: RHB Pedro García | 0-0: Ball 1-0: Called Strike 1-1: Foul Ball, location: 2F 1-2: Ball 2-2: Strikes out swinging | Batting: LHB Jorge Fernández | 0-0: Called Strike 0-1: Ball 1-1: Ball 2-1: Foul Ball, location: 2F 2-2: Ball 3-2: Foul Ball, location: 2F 3-2: Base on Balls | Batting: LHB Corey MacGregor | 0-0: Ball 1-0: Ball 2-0: Called Strike 2-1: SINGLE (Flyball, 7S) Jorge Fernández to second | Batting: RHB Félix Trevino | 0-0: Ball 1-0: Ball 2-0: Foul Ball, location: 2F 2-1: Swinging Strike 2-2: Foul Ball, location: 2F 2-2: Grounds into double play, 1-6-3 (Groundball, 13) | Bottom of the 4th over - 0 runs, 1 hit, 0 errors, 1 left on base; Casper 9 - Bismarck 0 | TOP OF THE 5TH |
---|
Casper Ghosts batting - Pitching for Bismarck Barons : RHP Armando Martínez | Batting: RHB Paul Richard | 0-0: Called Strike 0-1: Swinging Strike 0-2: Foul Ball, location: 2F 0-2: Foul Ball, location: 2F 0-2: Strikes out swinging | Batting: LHB Luis Rodríguez | 0-0: Foul Ball, location: 2F 0-1: Ball 1-1: Ball 2-1: Foul Ball, location: 2F 2-2: Ball 3-2: Foul Ball, location: 2F 3-2: SINGLE (Line Drive, 9LS) | Pitching: LHP Tom Hale | | Batting: RHB Robert Acosta | 0-0: Ball 1-0: Foul Ball, location: 2F 1-1: Fly out, F1 (Line Drive, 13) | Batting: RHB Miguel Toro | 0-0: Called Strike 0-1: Ball 1-1: Ball 2-1: Ball 3-1: Called Strike 3-2: Foul Ball, location: 2F 3-2: Base on Balls Luis Rodríguez to second | Batting: SHB José González | 0-0: Called Strike 0-1: Ball 1-1: Foul Ball, location: 2F 1-2: Ball 2-2: Fly out, F4 (Popup, 34D) | Top of the 5th over - 0 runs, 1 hit, 0 errors, 2 left on base; Casper 9 - Bismarck 0 | BOTTOM OF THE 5TH |
---|
Bismarck Barons batting - Pitching for Casper Ghosts : RHP Nicholas Becker | Batting: LHB Orlando Hernández | 0-0: Swinging Strike 0-1: SINGLE (Line Drive, 78S) | Batting: RHB Xie-li Fong | 0-0: Ball 1-0: Fielders Choice at 2nd, 1-4 (Groundball, 15S) | Batting: RHB José Ruíz | 0-0: Ball 1-0: Swinging Strike 1-1: Foul Ball, location: 2F 1-2: Strikes out looking | Batting: RHB Rubén Palma | 0-0: Called Strike 0-1: Called Strike Xie-li Fong steals 2nd base 0-2: Ball 1-2: Foul Ball, location: 2F 1-2: Ground out 4-3 (Groundball, 4) | Bottom of the 5th over - 0 runs, 1 hit, 0 errors, 1 left on base; Casper 9 - Bismarck 0 | TOP OF THE 6TH |
---|
Casper Ghosts batting - Pitching for Bismarck Barons : LHP Tom Hale | Batting: LHB Ronald Gordon | 0-0: Ball 1-0: Ball 2-0: Fly out, F7 (Flyball, 7LS) | Batting: RHB Hunter Plunket | 0-0: Called Strike 0-1: Swinging Strike 0-2: Ball 1-2: Ground out 6-3 (Groundball, 6) | Batting: RHB Peter Bryant | 0-0: Ground out U3 (Groundball, 3L) | Top of the 6th over - 0 runs, 0 hits, 0 errors, 0 left on base; Casper 9 - Bismarck 0 | BOTTOM OF THE 6TH |
---|
Bismarck Barons batting - Pitching for Casper Ghosts : RHP Nicholas Becker | Batting: RHB Fernando Castellanos | 0-0: Called Strike 0-1: Foul Ball, location: 2F 0-2: Ball 1-2: Strikes out swinging | Batting: RHB Pedro García | 0-0: Ball 1-0: Swinging Strike 1-1: Foul Ball, location: 2F 1-2: Ball 2-2: Ball 3-2: Foul Ball, location: 2F 3-2: Base on Balls | Batting: LHB Jorge Fernández | 0-0: Ball 1-0: Ball 2-0: Grounds into double play, 5-4-3 (Groundball, 5L) | Bottom of the 6th over - 0 runs, 0 hits, 0 errors, 0 left on base; Casper 9 - Bismarck 0 | TOP OF THE 7TH |
---|
Casper Ghosts batting - Pitching for Bismarck Barons : LHP Tom Hale | Batting: LHB Ramón Córdova | 0-0: Foul Ball, location: 2F 0-1: SINGLE (Flyball, 78S) | Batting: RHB Paul Richard | 0-0: Ball 1-0: Called Strike 1-1: Swinging Strike 1-2: Strikes out looking | Batting: LHB Luis Rodríguez | 0-0: Called Strike Ramón Córdova steals 2nd base 0-1: Ball 1-1: SINGLE (Groundball, 4MD) Ramón Córdova to third Runner from 3rd tries for Home, SAFE, no throw | Batting: RHB Robert Acosta | 0-0: Swinging Strike 0-1: Called Strike 0-2: Ball 1-2: Ball 2-2: Ground out 6-3 (Groundball, 6S) Luis Rodríguez to second | Batting: RHB Miguel Toro | 0-0: Ball 1-0: Ball 2-0: Foul Ball, location: 2F 2-1: Ball 3-1: Swinging Strike 3-2: Strikes out looking | Top of the 7th over - 1 run, 2 hits, 0 errors, 1 left on base; Casper 10 - Bismarck 0 | BOTTOM OF THE 7TH |
---|
Bismarck Barons batting - Pitching for Casper Ghosts : RHP Nicholas Becker | Batting: LHB Corey MacGregor | 0-0: Called Strike 0-1: Foul Ball, location: 2F 0-2: Strikes out swinging | Batting: RHB Félix Trevino | 0-0: Ball 1-0: Swinging Strike 1-1: Swinging Strike 1-2: Strikes out swinging | Batting: LHB Orlando Hernández | 0-0: Ball 1-0: Foul Ball, location: 2F 1-1: Foul Ball, location: 2F 1-2: SINGLE (Line Drive, 3D) | Pinch Hitting: RHB Jesús Ramos | 0-0: Ball Orlando Hernández steals 2nd base 1-0: Called Strike 1-1: Foul Ball, location: 2F 1-2: Ball 2-2: Fly out, F5 (Line Drive, 5) | Bottom of the 7th over - 0 runs, 1 hit, 0 errors, 1 left on base; Casper 10 - Bismarck 0 | TOP OF THE 8TH |
---|
Casper Ghosts batting - Pitching for Bismarck Barons : LHP Tom Hale | Now in CF: José Gonzáles | | Batting: SHB José González | 0-0: Ball 1-0: Ground out 6-3 (Groundball, 6) | Batting: LHB Ronald Gordon | 0-0: Called Strike 0-1: Foul Ball, location: 2F 0-2: Ball 1-2: Strikes out swinging | Batting: RHB Hunter Plunket | 0-0: Called Strike 0-1: Ball 1-1: Ball 2-1: Called Strike 2-2: Foul Ball, location: 2F 2-2: Ball 3-2: Foul Ball, location: 2F 3-2: Strikes out swinging | Top of the 8th over - 0 runs, 0 hits, 0 errors, 0 left on base; Casper 10 - Bismarck 0 | BOTTOM OF THE 8TH |
---|
Bismarck Barons batting - Pitching for Casper Ghosts : RHP Nicholas Becker | Batting: RHB José Ruíz | 0-0: Ball 1-0: Called Strike 1-1: Foul Ball, location: 2F 1-2: DOUBLE (Line Drive, 7LM) | Pinch Hitting: LHB António Chávez | 0-0: Called Strike 0-1: Ball 1-1: Foul Ball, location: 2F 1-2: Strikes out swinging | Batting: RHB Fernando Castellanos | 0-0: Ball 1-0: Fly out, F5 (Popup, 25) | Batting: RHB Pedro García | 0-0: Foul Ball, location: 2F 0-1: Foul Ball, location: 2F 0-2: Strikes out swinging | Bottom of the 8th over - 0 runs, 1 hit, 0 errors, 1 left on base; Casper 10 - Bismarck 0 | TOP OF THE 9TH |
---|
Casper Ghosts batting - Pitching for Bismarck Barons : LHP Tom Hale | Now at SS: Phil Cabrera | | Batting: RHB Peter Bryant | 0-0: Called Strike 0-1: Fly out, F4 (Line Drive, 4M) | Batting: LHB Ramón Córdova | 0-0: SINGLE (Groundball, 4MD) | Batting: RHB Paul Richard | 0-0: Called Strike 0-1: Called Strike 0-2: Foul Ball, location: 2F 0-2: Ball 1-2: Ball 2-2: Ground out 2-3 (Groundball, 15S) Ramón Córdova to second | Batting: LHB Luis Rodríguez | 0-0: Ball 1-0: Called Strike 1-1: SINGLE (Groundball, 4MD) Ramón Córdova to third Runner from 3rd tries for Home, SAFE, no throw | Batting: RHB Robert Acosta | 0-0: Called Strike 0-1: Foul Ball, location: 2F 0-2: SINGLE (Groundball, 25) (infield hit) Luis Rodríguez to second | Batting: RHB Miguel Toro | 0-0: Ball 1-0: Called Strike 1-1: Ball 2-1: Ball 3-1: Foul Ball, location: 2F 3-2: Foul Ball, location: 2F 3-2: Base on Balls Luis Rodríguez to third Robert Acosta to second | Batting: SHB José González | 0-0: Ball 1-0: SINGLE (Groundball, 6D) Luis Rodríguez scores Robert Acosta to third Miguel Toro to second Runner from 3rd tries for Home, throw and OUT! | Top of the 9th over - 2 runs, 4 hits, 0 errors, 2 left on base; Casper 12 - Bismarck 0 | BOTTOM OF THE 9TH |
---|
Bismarck Barons batting - Pitching for Casper Ghosts : RHP Nicholas Becker | Batting: LHB Jorge Fernández | 0-0: Ball 1-0: Called Strike 1-1: SINGLE (Flyball, 89S) | Pinch Hitting: RHB Eric Black | 0-0: Ball 1-0: Ball 2-0: Foul Ball, location: 2F 2-1: Foul Ball, location: 2F 2-2: Ball 3-2: Strikes out swinging | Batting: RHB Félix Trevino | 0-0: Swinging Strike 0-1: Fly out, F8 (Flyball, 8LM) | Pinch Hitting: RHB Eugenio Maldonado | 0-0: Called Strike 0-1: Swinging Strike 0-2: Ball 1-2: SINGLE (Groundball, 4MD) Jorge Fernández to second | Pitching: RHP Jack Hampton | | Batting: SHB José Gonzáles | 0-0: Ball 1-0: Ball 2-0: Ball 3-0: Called Strike 3-1: Foul Ball, location: 2F 3-2: Foul Ball, location: 2F 3-2: Base on Balls Jorge Fernández to third Eugenio Maldonado to second | Pitching: RHP Valentín Mejía | | Batting: RHB José Ruíz | 0-0: Ball 1-0: Foul Ball, location: 2F 1-1: Fielders Choice at 2nd, 6-4 (Groundball, 6) | Bottom of the 9th over - 0 runs, 2 hits, 0 errors, 3 left on base; Casper 12 - Bismarck 0 | |